 Dungeon Crawl Stone Soup version 0.17-a0-1399-gd5b76e1 (webtiles) character file.

53 bal the Insei (level 3, -5/19 HPs)
             Began as a Vine Stalker Monk on June 19, 2015.
             Slain by Fluffy's ghost (8 damage)
             ... on level 3 of the Dungeon.
             The game lasted 00:06:25 (1551 turns).

bal the Insei (Vine Stalker Monk)                   Turns: 1551, Time: 00:06:26

Health: -5/19      AC:  4    Str: 13    XL:     3   Next: 89%
Magic:  0/4        EV: 13    Int: 10    God:
Gold:   80         SH:  0    Dex: 17    Spells: 0 memorised, 2 levels left

rFire  . . .     SeeInvis .     g - +0 hand axe (freeze)
rCold  . . .     Clarity  .     a - +0 robe
rNeg   . . .     SustAt   .     (no shield)
rPois  .         Gourm    .     k - +0 helmet
rElec  .         Spirit   +     (no cloak)
rCorr  .         Warding  .     i - +0 pair of gloves
rMut   .         Stasis   .     (no boots)
MR     .....                    (no amulet)
Stlth  +++.......               (no ring)
                                (no ring)

@: not resistant to hostile enchantments, fairly stealthy
A: claws 1, fangs 2, regeneration 2, magic shield, antimagic bite, no device
heal 3, rot immunity, subdued magic 1
a: no special abilities


You were on level 3 of the Dungeon.
You were not hungry.

You visited 1 branch of the dungeon, and saw 3 of its levels.

You collected 80 gold pieces.

Inventory:

Hand weapons
 e - a +0 hunting sling
 g - a +0 hand axe of freezing (weapon)
Armour
 a - a +0 robe (worn)
 i - a +0 pair of gloves (worn)
 k - a +0 helmet (worn)
Jewellery
 h - an uncursed ring of see invisible {unknown}
 p - an uncursed ring of ice {unknown}
Scrolls
 c - 3 scrolls of identify {unknown}
 d - 2 scrolls of immolation {unknown}
 j - a scroll of magic mapping {unknown}
 l - a scroll of enchant weapon {unknown}
 n - a scroll of teleportation {unknown}
Potions
 o - a potion of might {unknown}
 q - a potion of agility {unknown}
Comestibles
 b - 2 bread rations
 f - a meat ration


   Skills:
 + Level 2.9 Fighting
 + Level 0.6 Axes
 + Level 2.8 Dodging
 + Level 3.4 Stealth
 + Level 4.3 Unarmed Combat


You had 2 spell levels left.
You didn't know any spells.

Dungeon Overview and Level Annotations

Branches:
Dungeon (3/15)

Altars:
Ru

Annotations:
D:3 Fluffy's ghost, average DsGl


Innate Abilities, Weirdness & Mutations

You have extremely sharp teeth.
You heal very quickly.
When hurt, damage is shared between your health and your magic reserves.
Your bite disrupts and absorbs the magic of your enemies.
Potions and wands cannot restore your health.
You are immune to rotting.
You have sharp fingernails.
Your spells are a little easier to cast, but a little less powerful.


Message History

Fluffy's ghost is moderately damaged.
Fluffy's ghost barely misses you.
You barely miss Fluffy's ghost. Your bite misses Fluffy's ghost.
Fluffy's ghost is lightly damaged.
Fluffy's ghost hits you. Fluffy's ghost barely misses you.
You hit Fluffy's ghost. You freeze Fluffy's ghost.
Your bite misses Fluffy's ghost.
Fluffy's ghost is moderately damaged.
Fluffy's ghost closely misses you.
You hit Fluffy's ghost but do no damage.
You bite Fluffy's ghost. You drain its power.
You feel invigorated.
Fluffy's ghost is heavily damaged.
Fluffy's ghost hits you!
* * * LOW HITPOINT WARNING * * *
Drink which item? (? for menu, Esc to quit)
It was a potion of mutation.
You feel extremely strange.
Your connection to magic feels subdued.
You begin to heal more quickly.
Your fingernails lengthen.
Fluffy's ghost hits you!
You die...

#### ########## ...
#........#####.##
#.##.@W.........#
#.##.###.#####.....#
#.##.###.# .#...#
#........# .S ...#
####.##### .#. .##
#.# .##. # #.# .. ..
#.# ## ## #.#


You could see Fluffy's ghost.

Vanquished Creatures
  4 worms (D:2)
  6 bats (D:1)
  4 hobgoblins
  7 kobolds
  3 ball pythons (D:1)
  3 giant newts
  3 goblins
  14 rats
44 creatures vanquished.

Notes
Turn   | Place    | Note
--------------------------------------------------------------
     0 | D:1      | bal the Vine Stalker Monk began the quest for the Orb.
     0 | D:1      | Reached XP level 1. HP: 11/11 MP: 2/2
   143 | D:1      | Reached XP level 2. HP: 11/16 MP: 3/3
   850 | D:2      | Reached XP level 3. HP: 19/19 MP: 4/4
   961 | D:2      | Found a sacrificial altar of Ru.
  1518 | D:3      | Noticed Fluffy's ghost (average DsGl)
  1551 | D:3      | Gained mutation: Your spells are a little easier to cast, but a little less powerful. [potion of mutation]
  1551 | D:3      | Gained mutation: You heal very quickly. [potion of mutation]
  1551 | D:3      | Gained mutation: You have sharp fingernails. [potion of mutation]
  1551 | D:3      | Slain by Fluffy's ghost

Vault maps used:
D:1:      onia_arrival_handbag, serial_forest, infiniplex_forest_clump_cross,
          infiniplex_forest_lined_2, infiniplex_forest_end_double,
          infiniplex_forest_corner_1, infiniplex_forest_zigzag_1,
          infiniplex_forest_clump_diagonal
D:2:      lemuel_crystal_altar, minmay_rat_gold_closets
D:3:      overflow_temple_1_default, nicolae_qazlal_style_of_elements,
          gup_sewer_entry_spiral

Action                   || total
-------------------------++-------
Melee: Unarmed           ||    15
       Hand axe          ||    97
  Use: Potion            ||     1
 Stab: Sleeping          ||    13
  Eat: Meat ration       ||     1
